 Dungeon Sprint DCSS version 0.31-a0-851-g7ff8af7976 (webtiles) character file.

Game seed: 6535239151074550459

122968 sircluck the Wrestler (level 16, -3/183 HPs)
             Began as a Troll Berserker on Oct 5, 2023.
             Was an Elder of Trog.
             Slain by Hydd the pandemonium lord (18 damage)
             ... in the Dungeon (Sprint VII: "The Pits").
             The game lasted 00:22:46 (4925 turns).

sircluck the Wrestler (Troll Berserker)             Turns: 4925, Time: 00:22:46

Health: -3/183     AC: 28    Str: 42    XL:     16   Next: 35%
Magic:  20/20      EV: 12    Int:  3    God:    Trog [****..]
Gold:   38         SH:  5    Dex:  9    Spells: 15/15 levels left

rFire   . .          .
                       - Unarmed
rCold   + + .        (no shield)
rNeg    . . .        a - +2 gold dragon scales
rPois   +            (helmet restricted)
rElec   +            X - +1 cloak {Will+}
rCorr   .            (gloves unavailable)
SInv    .            (boots unavailable)
Will    ++...        O - amulet "Byseis" {Reflect rElec Str+5 Int+2 SH+5 Stlth+} Stlth
                     l - +5 ring of slaying
HPRegen 1.30/turn    R - ring "Ceserix" {rF- rC+ MP+9 Str+2 Slay+5}
MPRegen 0.17/turn

%: no teleportation, reflection
@: on berserk cooldown, slowed, studying Short Blades, invisible, very slow
A: large, unfitting armour, claws 3, regeneration 1, shaggy fur 1, tough skin 1,
dopey 1, frail 1, low MP 2
a: Renounce Religion, Berserk, Trog's Hand, Brothers in Arms


You were in the Dungeon.
You worshipped Trog.
Trog was greatly pleased with you.
You visited 1 branch You collected 38 gold pieces.

Inventory:

Missiles
 i - 25 stones
 q - 3 large rocks
 z - 3 throwing nets
Armour
 a - +2 gold dragon scales (worn)
 X - a +1 cloak of willpower (worn)
Jewellery
 l - a +5 ring of slaying (left claw)
 p - the ring "Azydammyh" {Str+6 Dex+2}
   (You found it in the Dungeon)

   [ring of strength]

   Str+6:     It affects your strength (+6).
   Dex+2:     It affects your dexterity (+2).
 v - the ring "Diha" {*Corrode rElec Will+ Str+4}
   (You found it in the Dungeon)

   [ring of willpower]

   Str+4:     It affects your strength (+4).
   rElec:     It insulates you from electricity.
   Will+:     It increases your willpower.
   *Corrode:  It may corrode you when you take damage.
 A - the amulet "Voeqelos" {Regen+ Int+3}
   (You took it off a merfolk impaler in the Dungeon)

   [amulet of regeneration]

   Int+3:     It affects your intelligence (+3).
   Regen+:    It increases your rate of health regeneration.
 F - the ring "Tonie" {Drain rC- Str+3 Int+3 SInv}
   (You found it in the Dungeon)

   [ring of see invisible]

   Str+3:     It affects your strength (+3).
   Int+3:     It affects your intelligence (+3).
   rC-:       It makes you vulnerable to cold.
   SInv:      It lets you see invisible.
   Drain:     It drains your maximum health when unequipped.
 G - the amulet "Amak" {Spirit rF+}
   (You found it in the Dungeon)

   [amulet of guardian spirit]

   Spirit:    It causes incoming damage to be divided between your reserves of
   health and magic.
   rF+:       It protects you from fire.
 H - the amulet "Wilon" {Spirit Dex+2}
   (You found it in the Dungeon)

   [amulet of guardian spirit]

   Spirit:    It causes incoming damage to be divided between your reserves of
   health and magic.
   Dex+2:     It affects your dexterity (+2).
 I - the ring of Sloth {Wiz rN+ rCorr Str+3}
   (You found it in the Dungeon)

   [ring of wizardry]

   Wiz:       It improves your spell success rate.
   Str+3:     It affects your strength (+3).
   rN+:       It protects you from negative energy.
   rCorr:     It protects you from acid and corrosion.
 J - the ring "Myapeb" {rF+ rC+ rN+}
   (You found it in the Dungeon)

   [ring of protection from fire]

   rF+:       It protects you from fire.
   rC+:       It protects you from cold.
   rN+:       It protects you from negative energy.
 K - an amulet of Vanity {Faith rElec rPois}
   (You found it in the Dungeon)

   [amulet of faith]

   Faith:     It allows you to gain divine favour quickly.
   rElec:     It insulates you from electricity.
   rPois:     It protects you from poison
 L - the amulet of the Gastropod {Spirit Str+2 Dex+2 SInv}
   (You found it in the Dungeon)

   [amulet of guardian spirit]

   Spirit:    It causes incoming damage to be divided between your reserves of
   health and magic.
   Str+2:     It affects your strength (+2).
   Dex+2:     It affects your dexterity (+2).
   SInv:      It lets you see invisible.
 M - the amulet "Soxt" {Regen+ Slay+2 Stlth+}
   (You found it in the Dungeon)

   [amulet of regeneration]

   Slay+2:    It affects your accuracy & damage with ranged weapons and melee
   (+2).
   Regen+:    It increases your rate of health regeneration.
   Stlth+:    It makes you more stealthy.
 N - the ring of Xiamn {rElec rPois}
   (You found it in the Dungeon)

   [ring of poison resistance]

   rElec:     It insulates you from electricity.
   rPois:     It protects you from poison
 O - the amulet "Byseis" (around neck) {Reflect rElec Str+5 Int+2 SH+5 Stlth+}
   (You found it in the Dungeon)

   [amulet of reflection]

   Reflect:   It reflects blocked missile attacks.
   Str+5:     It affects your strength (+5).
   Int+2:     It affects your intelligence (+2).
   rElec:     It insulates you from electricity.
   SH+5:      It affects your SH (+5).
   Stlth+:    It makes you more stealthy.
 P - the amulet of the Pharaoh's Fist {Reflect rF+ Regen+ Str+2 SH+5}
   (You found it in the Dungeon)

   [amulet of reflection]

   Reflect:   It reflects blocked missile attacks.
   Str+2:     It affects your strength (+2).
   rF+:       It protects you from fire.
   Regen+:    It increases your rate of health regeneration.
   SH+5:      It affects your SH (+5).
 Q - the amulet "Zupeivuf" {Spirit rC++ Int+3 Dex-4}
   (You found it in the Dungeon)

   [amulet of guardian spirit]

   Spirit:    It causes incoming damage to be divided between your reserves of
   health and magic.
   Int+3:     It affects your intelligence (+3).
   Dex-4:     It affects your dexterity (-4).
   rC++:      It greatly protects you from cold.
 R - the ring "Ceserix" (right claw) {rF- rC+ MP+9 Str+2 Slay+5}
   (You found it in the Dungeon)

   [ring of slaying]

   Str+2:     It affects your strength (+2).
   Slay+5:    It affects your accuracy & damage with ranged weapons and melee
   (+5).
   rF-:       It makes you vulnerable to fire.
   rC+:       It protects you from cold.
   MP+9:      It affects your magic capacity (+9).
 S - the ring of Fasuw {rPois rN+ Int+4 Dex+2}
   (You found it in the Dungeon)

   [ring of positive energy]

   Int+4:     It affects your intelligence (+4).
   Dex+2:     It affects your dexterity (+2).
   rPois:     It protects you from poison rN+: It protects you from negative
   energy.
 T - the ring of Mizizu {rPois rF+ Will+}
   (You found it in the Dungeon)

   [ring of poison resistance]

   rF+:       It protects you from fire.
   rPois:     It protects you from poison Will+: It increases your willpower.
 U - the ring of Roim {Wiz rF+}
   (You found it in the Dungeon)

   [ring of wizardry]

   Wiz:       It improves your spell success rate.
   rF+:       It protects you from fire.
 V - the ring "Vaureoso" {rElec rN++ rCorr EV+6 Str-5}
   (You found it in the Dungeon)

   [ring of evasion]

   EV+6:      It affects your evasion (+6).
   Str-5:     It affects your strength (-5).
   rElec:     It insulates you from electricity.
   rN++:      It greatly protects you from negative energy.
   rCorr:     It protects you from acid and corrosion.
 W - the ring of Jeqaplej {EV+6 Int+2}
   (You found it in the Dungeon)

   [ring of evasion]

   EV+6:      It affects your evasion (+6).
   Int+2:     It affects your intelligence (+2).
 Y - the ring "Joastey" {Str+6 Dex+2}
   (You found it in the Dungeon)

   [ring of strength]

   Str+6:     It affects your strength (+6).
   Dex+2:     It affects your dexterity (+2).
 Z - the ring "Inlor" {rC+ Will+}
   (You found it in the Dungeon)

   [ring of willpower]

   rC+:       It protects you from cold.
   Will+:     It increases your willpower.
Wands
 u - a wand of iceblast (13)
 C - a wand of paralysis (4)
 D - a wand of digging (12)
 E - a wand of acid (3)
Scrolls
 j - 3 scrolls of vulnerability
 k - a scroll of summoning
 r - 2 scrolls of enchant weapon
 s - 5 scrolls of enchant armour
 t - a scroll of fog
 w - a scroll of fear
Potions
 b - 12 potions of curing
 c - 7 potions of heal wounds
 d - 7 potions of haste
 e - 10 potions of magic
 f - 8 potions of berserk rage
 h - a potion of invisibility
 m - a potion of resistance
 n - 6 potions of mutation
 o - a potion of might


   Skills:
 + Level 23.3 Fighting
 + Level 17.5 Armour
 + Level 23.2 Dodging
 + Level 26.9 Unarmed Combat


You had 15 spell levels left.
You didn't know any spells.
Your spell library was empty.

Dungeon Overview and Level Annotations

Branches:
Dungeon (1/1)

Altars:
Ashenzari
Cheibriados
Dithmenos
Elyvilon
Fedhas
Gozag
Hepliaklqana
Kikubaaqudgha
Makhleb
Nemelex Xobeh
Okawaru
Qazlal
Ru
Sif Muna
Trog
Uskayaw
Vehumet
Wu Jian
Xom
Yredelemnul
Zin
The Shining One
Jiyva
Lugonu


Innate Abilities, Weirdness & Mutations

You are too large for most types of armour.
You have claws for hands.
Your natural rate of healing is unusually fast.
You are covered in fur. (AC +1)
You have tough skin. (AC +1)
You are dopey. (Int -2)
You are frail. (-10% HP)
Your magical capacity is very low. (-20% MP)


Message History

Hydd is nearby!
Hydd sneers, "Tremble, thou tasty victuals!"
There is an open door, spattered with blood here.
You see here a +4 heavy quarterstaff.
You block Hydd's attack.
You see here a +1 heavy scythe.
You completely miss Hydd. Hydd tramples you!!
* * * LOW HITPOINT WARNING * * *
You hold your ground!
Blink to where?
Press: ? - help, Q - select action, (/) - cycle Dir - move target
As you read the scroll of blinking, it crumbles to dust.
You close the door.
Hydd breaks down the door.
Your ogre goes berserk!
Trog will no longer gift you weapons. Hydd tramples you!!
* * * LOW HITPOINT WARNING * * *
You hold your ground!
Blink to where?
Press: ? - help, Q - select action, (/) - cycle Dir - move target
As you read the scroll of blinking, it crumbles to dust.
A red draconian scorcher comes into view.
It is wielding a +0 dagger.
Read: scroll of fear
Press: ? - help, Q - select action, (/) - cycle Dir - look around, f - activate Look: Hydd (ally target, chance to affect: 4%)
Okay, then.
As you read the scroll of fog, it dissolves into smoke.
You block Hydd's attack.
Aiming: Paralyse
Press: ? - help, Q - select action, (/) - cycle Shift-Dir - straight line, f - Hydd
Aim: Hydd (black smoke, ally target, chance to affect: 0%)
Okay, then.
You fade into invisibility!
Your ogre completely misses Hydd.
Hydd tramples you!!
* * * LOW HITPOINT WARNING * * *
You hold your ground!
Your ogre completely misses Hydd.
Hydd tramples you but does no damage. Hydd tramples you!!
You die...

##.###.### #.#
##'.###.###'#
#.§.#...##.#
##O##).###'# '
#§#)#'# #.#
##.###§###.###)#
#q..'§§O#.[.##.#
#'.'##§&#)†###'#
#.## ###@#'# #.#
###.###'#
'...##.##
#')##...#
.##''...# #
####)## #)# #)#
#)#


You could see Hydd (ally target) and a friendly ogre (summoned, berserk).

Vanquished Creatures
  A pandemonium lord (D)
  Asmodeus (D)
  Ereshkigal (D)
  2 ancient liches (D)
  3 royal mummies (D)
  A Killer Klown (D)
  Jory (D)
  A pearl dragon (D)
  2 Tzitzimimeh (D)
  2 hellephants (D)
  3 Hell Sentinels (D)
  A lich (D)
  A deep elf master archer (D)
  A sphinx (D)
  An Executioner (D)
  A daeva (D)
  3 nagarajas (D)
  A rockslime (D)
  An emperor scorpion (D)
  A draconian scorcher (D)
  2 iron dragons (D)
  2 balrugs (D)
  An orc warlord (D)
  3 reapers (D)
  A deep elf demonologist (D)
  A stone giant (D)
  2 green draconians (D)
  3 black draconians (D)
  2 deep elf annihilators (D)
  A purple draconian (D)
  A deep elf death mage (D)
  A yaktaur captain (D)
  A great orb of eyes (D)
  An ogre mage (D)
  2 vault guards (D)
  An iron elemental (D)
  A death yak (D)
  A deep elf knight (D)
  A shadow wraith (D)
  A sea snake (D)
  A bog body (D)
  A swamp dragon (D)
  10 orc knights (D)
  A naga mage (D)
  4 yaktaurs (D)
  An ice devil (D)
  A tormentor (D)
  2 hellwings (D)
  2 merfolk (D)
  2 trolls (D)
  2 hornets (D)
  A tyrant leech (D)
  3 blink frogs (D)
  A jumping spider (D)
  A large abomination (D)
  A ynoxinul (D)
  A basilisk (D)
  A fire bat (D)
  A redback (D)
  2 vampire mosquitoes (D)
  A neqoxec (D)
  A floating eye (D)
  A water moccasin (D)
  A swamp drake (D)
  An orc warrior (D)
  A sky beast (D)
  An ogre (D)
  3 wolves (D)
  A centaur (D)
  A kobold brigand (D)
  A necrophage (D)
  2 scorpions (D)
  A hound (D)
  Jessica (D)
  A small abomination (D)
  A hell rat (D)
  A mummy (D)
  A river rat (D)
  3 orcs (D)
  3 ball pythons (D)
  An endoplasm (D)
  3 giant cockroaches (D)
  A goblin (D)
  3 hobgoblins (D)
  4 jackals (D)
  A quokka (D)
  A frilled lizard (D)
  2 rats (D)
140 creatures vanquished.

Vanquished Creatures (collateral kills)
  A lich (D)
  2 titans (D)
  Polyphemus (D)
  2 deep elf sorcerers (D)
  An emperor scorpion (D)
  A draconian scorcher (D)
  2 ghost moths (D)
  A cacodemon (D)
  An orc warlord (D)
  A green draconian (D)
  An apis (D)
  A purple draconian (D)
  A white draconian (D)
  A red draconian (D)
  A deep elf annihilator (D)
  A minotaur (D)
  A deep elf death mage (D)
  A merfolk javelineer (D)
  A merfolk impaler (D)
  A deep elf high priest (D)
  A yaktaur captain (D)
  3 death yaks (D)
  A vampire mage (D)
  A fire crab (shapeshifter) (D)
  2 deep elf knights (D)
  A sixfirhy (D)
  A death drake (D)
  A wizard (D)
  2 lindwurms (D)
  2 orc knights (D)
  An orc sorcerer (D)
  3 deep elf zephyrmancers (D)
  An ugly thing (D)
  An elephant (D)
  A smoke demon (D)
  A black mamba (D)
  A naga mage (D)
  A cane toad (D)
  A kobold demonologist (D)
  2 efreet (D)
  A yaktaur (D)
  A freezing wraith (D)
  A guardian mummy (D)
  5 merfolk (D)
  A hellwing (D)
  A tarantella (D)
  An air elemental (D)
  A ynoxinul (D)
  A vampire (D)
  2 wyverns (D)
  A basilisk (D)
  2 vampire mosquitoes (D)
  A floating eye (D)
  An ogre (D)
  A necrophage (D)
  2 orc priests (D)
  An orc wizard (D)
  An orc (D)
  An endoplasm (D)
  A hobgoblin (D)
  A quokka (D)
79 creatures vanquished.

Vanquished Creatures (others)
  A neqoxec (D)
1 creature vanquished.

Grand Total: 220 creatures vanquished

Notes
Turn   | Place    | Note
-------+----------+-------------------------------------------
     0 | D        | sircluck the Troll Berserker began the quest for the Orb.
     0 | D        | Reached XP level 1. HP: 22/22 MP: 0/0
    27 | D        | Found a bloodstained altar of Trog.
    27 | D        | Found a shimmering blue altar of Sif Muna.
    27 | D        | Found a viscous altar of Jiyva.
    27 | D        | Found a hazy altar of Hepliaklqana.
    27 | D        | Found an opulent altar of Gozag.
    28 | D        | Found a glowing golden altar of the Shining One.
    28 | D        | Found a glowing silver altar of Zin.
    28 | D        | Found a basalt altar of Yredelemnul.
    28 | D        | Found a shimmering altar of Xom.
    28 | D        | Found an ornate altar of the Wu Jian Council.
    28 | D        | Found a sacrificial altar of Ru.
    28 | D        | Found a stormy altar of Qazlal.
    28 | D        | Found an iron altar of Okawaru.
    28 | D        | Found a sparkling altar of Nemelex Xobeh.
    28 | D        | Found a burning altar of Makhleb.
    28 | D        | Found a blossoming altar of Fedhas.
    28 | D        | Found a white marble altar of Elyvilon.
    28 | D        | Found a shadowy altar of Dithmenos.
    28 | D        | Found a snail-covered altar of Cheibriados.
    32 | D        | Found a corrupted altar of Lugonu.
    32 | D        | Found a radiant altar of Vehumet.
    33 | D        | Found a broken altar of Ashenzari.
    33 | D        | Found an ancient bone altar of Kikubaaqudgha.
    33 | D        | Found a hide-covered altar of Uskayaw.
    78 | D        | Reached ** piety under Trog
    88 | D        | Noticed a water moccasin
    95 | D        | Reached XP level 2. HP: 31/31 MP: 1/1
    98 | D        | Killed a water moccasin
    98 | D        | Reached *** piety under Trog
    99 | D        | Reached skill level 5 in Fighting
    99 | D        | Reached skill level 5 in Dodging
    99 | D        | Reached skill level 6 in Unarmed Combat
    99 | D        | Reached XP level 3. HP: 28/42 MP: 2/2
    99 | D        | Reached XP level 4. HP: 33/50 MP: 3/3
   151 | D        | Noticed a redback
   155 | D        | Killed a redback
   156 | D        | Reached skill level 7 in Unarmed Combat
   156 | D        | Reached XP level 5. HP: 61/61 MP: 4/4
   159 | D        | Reached **** piety under Trog
   251 | D        | Noticed an ogre
   262 | D        | Killed an ogre
   263 | D        | Reached skill level 8 in Unarmed Combat
   263 | D        | Reached XP level 6. HP: 9/71 MP: 5/5
   324 | D        | Noticed a fire bat
   328 | D        | Killed a fire bat
   329 | D        | Reached skill level 9 in Unarmed Combat
   339 | D        | Noticed Jessica
   341 | D        | Killed Jessica
   341 | D        | Reached ***** piety under Trog
   342 | D        | Reached XP level 7. HP: 76/79 MP: 6/6
   383 | D        | Killed a shadow wraith
   384 | D        | Reached skill level 10 in Unarmed Combat
   384 | D        | Reached XP level 8. HP: 29/92 MP: 7/7
   440 | D        | Reached skill level 11 in Unarmed Combat
   489 | D        | Found the +10 zealot's sword {holy, Zealotry, *Rage rN+
                  | EV+3}
   635 | D        | Reached ****** piety under Trog
   635 | D        | Received a gift from Trog
   663 | D        | Noticed a great orb of eyes
   773 | D        | Killed a great orb of eyes
   774 | D        | Reached skill level 10 in Fighting
   774 | D        | Reached skill level 10 in Dodging
   774 | D        | Reached skill level 12 in Unarmed Combat
   774 | D        | Reached XP level 9. HP: 102/102 MP: 8/8
   989 | D        | Noticed a wizard
   989 | D        | Noticed a lindwurm
   993 | D        | Killed a lindwurm
   994 | D        | Killed a wizard
   995 | D        | Reached skill level 13 in Unarmed Combat
  1014 | D        | Killed a ghost moth
  1015 | D        | Reached XP level 10. HP: 98/115 MP: 0/9
  1188 | D        | Reached skill level 14 in Unarmed Combat
  1197 | D        | Noticed an elephant
  1197 | D        | Noticed a cane toad
  1200 | D        | Killed an elephant
  1202 | D        | Killed a cane toad
  1204 | D        | Killed a ghost moth
  1357 | D        | Received a gift from Trog
  1389 | D        | Reached skill level 15 in Unarmed Combat
  1426 | D        | Received a gift from Trog
  1467 | D        | Noticed a deep elf zephyrmancer
  1471 | D        | Killed a deep elf zephyrmancer
  1473 | D        | Received a gift from Trog
  1474 | D        | Paralysed by a floating eye for 2 turns
  1481 | D        | Reached XP level 11. HP: 109/127 MP: 10/10
  1556 | D        | Noticed a sea snake
  1556 | D        | Noticed a vampire mage
  1557 | D        | Noticed a deep elf zephyrmancer
  1562 | D        | Reached skill level 16 in Unarmed Combat
  1563 | D        | Killed a vampire mage
  1566 | D        | Killed a sea snake
  1566 | D        | Received a gift from Trog
  1567 | D        | Killed a deep elf zephyrmancer
  1672 | D        | Noticed a lindwurm
  1672 | D        | Noticed a minotaur
  1676 | D        | Killed a lindwurm
  1676 | D        | Received a gift from Trog
  1680 | D        | Identified the +10 spear of Woawor {flame, *Rage Drain
                  | +Blink rN+++} (Trog gifted it to you in the Dungeon)
  1680 | D        | Received a gift from Trog
  1683 | D        | Killed a minotaur
  1684 | D        | Reached skill level 17 in Unarmed Combat
  1693 | D        | Noticed a deep elf zephyrmancer
  1700 | D        | Reached skill level 15 in Fighting
  1702 | D        | Killed a deep elf zephyrmancer
  1702 | D        | Received a gift from Trog
  1921 | D        | Noticed a deep elf death mage
  1921 | D        | Noticed a purple draconian
  1921 | D        | Noticed an emperor scorpion
  1921 | D        | Noticed a fire crab
  1922 | D        | Paralysed by an air elemental for 1 turns
  1923 | D        | Identified the amulet "Voeqelos" {Regen+ Int+3}
  1923 | D        | Noticed a merfolk impaler
  1924 | D        | Noticed a sixfirhy
  1928 | D        | Paralysed by an air elemental for 1 turns
  1933 | D        | Killed a deep elf death mage
  1934 | D        | Reached skill level 15 in Dodging
  1934 | D        | Killed a purple draconian
  1934 | D        | Identified the +2 hand axe "Omuemaek" {flame, rPois Str+2
                  | Dex+4} (Trog gifted it to you in the Dungeon)
  1934 | D        | Received a gift from Trog
  1938 | D        | Killed an emperor scorpion
  1939 | D        | Reached skill level 18 in Unarmed Combat
  1939 | D        | Reached XP level 12. HP: 55/143 MP: 11/11
  1940 | D        | Killed a merfolk impaler
  1958 | D        | Identified the +2 long sword of Sagokh {venom, Str+4}
  1958 | D        | Noticed a merfolk javelineer
  1968 | D        | Killed a merfolk javelineer
  1978 | D        | Reached skill level 19 in Unarmed Combat
  1981 | D        | Received a gift from Trog
  2016 | D        | Paralysed by a floating eye for 4 turns
  2229 | D        | Noticed a death yak
  2229 | D        | Noticed a death yak
  2229 | D        | Noticed a death yak
  2229 | D        | Noticed a deep elf master archer
  2229 | D        | Noticed an emperor scorpion
  2229 | D        | Noticed a titan
  2229 | D        | Noticed Polyphemus
  2231 | D        | Noticed a death yak
  2232 | D        | Killed a death yak
  2233 | D        | Reached skill level 1 in Armour
  2238 | D        | Killed a death yak
  2242 | D        | Killed Polyphemus
  2243 | D        | Killed a death yak
  2244 | D        | Killed a titan
  2248 | D        | Killed a death yak
  2249 | D        | Reached XP level 13. HP: 156/156 MP: 12/12
  2253 | D        | Killed a deep elf master archer
  2254 | D        | Reached skill level 20 in Unarmed Combat
  2254 | D        | Killed an emperor scorpion
  2255 | D        | Reached skill level 5 in Armour
  2512 | D        | Noticed a deep elf annihilator
  2532 | D        | Noticed a black draconian
  2540 | D        | Killed a black draconian
  2545 | D        | Killed a deep elf annihilator
  2551 | D        | Received a gift from Trog
  2630 | D        | Noticed a deep elf annihilator
  2630 | D        | Noticed a deep elf sorcerer
  2630 | D        | Noticed a nagaraja
  2630 | D        | Noticed a red draconian scorcher
  2638 | D        | Killed a red draconian scorcher
  2644 | D        | Killed a deep elf sorcerer
  2644 | D        | Noticed a sphinx
  2649 | D        | Killed a sphinx
  2649 | D        | Received a gift from Trog
  2666 | D        | Noticed a lich
  2672 | D        | Killed a lich
  2674 | D        | Noticed a red draconian
  2675 | D        | Killed a deep elf annihilator
  2677 | D        | Killed a red draconian
  2678 | D        | Reached skill level 21 in Unarmed Combat
  2713 | D        | Noticed a nagaraja
  2754 | D        | Noticed a lich
  2767 | D        | Killed a lich
  2767 | D        | Received a gift from Trog
  2844 | D        | Killed a nagaraja
  2882 | D        | Noticed Jory
  2893 | D        | Killed Jory
  2921 | D        | Noticed an ancient lich
  2939 | D        | Killed an ancient lich
  2941 | D        | Killed a nagaraja
  2941 | D        | Received a gift from Trog
  2942 | D        | Reached XP level 14. HP: 170/170 MP: 13/13
  3036 | D        | Noticed a balrug
  3047 | D        | Noticed an apis
  3051 | D        | Killed an apis
  3054 | D        | Noticed a deep elf sorcerer
  3062 | D        | Killed a deep elf sorcerer
  3063 | D        | Reached skill level 10 in Armour
  3063 | D        | Reached skill level 22 in Unarmed Combat
  3082 | D        | Noticed a nagaraja
  3093 | D        | Killed a balrug
  3099 | D        | Killed a nagaraja
  3217 | D        | Got the ring "Tonie" {Drain rC- Str+3 Int+3 SInv}
  3219 | D        | Got the amulet "Amak" {Spirit rF+}
  3221 | D        | Got the amulet "Wilon" {Spirit Dex+2}
  3223 | D        | Got the ring of Sloth {Wiz rN+ rCorr Str+3}
  3225 | D        | Got the ring "Myapeb" {rF+ rC+ rN+}
  3227 | D        | Got an amulet of Vanity {Faith rElec rPois}
  3229 | D        | Got the amulet of the Gastropod {Spirit Str+2 Dex+2 SInv}
  3232 | D        | Got the amulet "Soxt" {Regen+ Slay+2 Stlth+}
  3234 | D        | Got the ring of Xiamn {rElec rPois}
  3238 | D        | Got the amulet "Byseis" {Reflect rElec Str+5 Int+2 SH+5
                  | Stlth+}
  3241 | D        | Got the amulet of the Pharaoh's Fist {Reflect rF+ Regen+
                  | Str+2 SH+5}
  3243 | D        | Got the amulet "Zupeivuf" {Spirit rC++ Int+3 Dex-4}
  3245 | D        | Got the ring "Ceserix" {rF- rC+ MP+9 Str+2 Slay+5}
  3265 | D        | Got the ring of Fasuw {rPois rN+ Int+4 Dex+2}
  3267 | D        | Got the ring of Mizizu {rPois rF+ Will+}
  3269 | D        | Got the ring of Roim {Wiz rF+}
  3271 | D        | Got the ring "Vaureoso" {rElec rN++ rCorr EV+6 Str-5}
  3273 | D        | Got the ring of Jeqaplej {EV+6 Int+2}
  3275 | D        | Got the ring of Liberty {rF+ Int+6}
  3277 | D        | Got the ring "Joastey" {Str+6 Dex+2}
  3279 | D        | Got the ring "Inlor" {rC+ Will+}
  3313 | D        | Got the ring "Azydammyh" {Str+6 Dex+2}
  3315 | D        | Got the ring "Diha" {*Corrode rElec Will+ Str+4}
  3317 | D        | Got the ring "Geam" {rC+ Str+4}
  3367 | D        | Noticed an orc warlord
  3373 | D        | Noticed an orc warlord
  3380 | D        | Received a gift from Trog
  3388 | D        | Killed an orc warlord
  3392 | D        | Killed an orc warlord
  3405 | D        | Received a gift from Trog
  3406 | D        | Gained mutation: Your magical capacity is low. (-10% MP) [a
                  | neqoxec]
  3410 | D        | Gained mutation: You are dopey. (Int -2) [a neqoxec]
  3413 | D        | Gained mutation: You are frail. (-10% HP) [a neqoxec]
  3480 | D        | Received a gift from Trog
  3501 | D        | Reached skill level 23 in Unarmed Combat
  3510 | D        | Identified the +3 glaive of Famine {heavy, *Rage rC+ Will+
                  | Str+5 SInv} (Trog gifted it to you in the Dungeon)
  3510 | D        | Received a gift from Trog
  3597 | D        | Received a gift from Trog
  3772 | D        | Noticed a royal mummy
  3780 | D        | Killed a royal mummy
  3783 | D        | Noticed a cacodemon
  3783 | D        | Gained mutation: Your magical capacity is very low. (-20%
                  | MP) [a cacodemon]
  3787 | D        | Killed a cacodemon
  3796 | D        | Noticed a Tzitzimitl
  3801 | D        | Killed a Tzitzimitl
  3903 | D        | Noticed an iron dragon
  3908 | D        | Killed an iron dragon
  3944 | D        | Noticed a pearl dragon
  3946 | D        | Killed a pearl dragon
  3947 | D        | Reached XP level 15. HP: 135/166 MP: 11/11
  3991 | D        | Noticed a Hell Sentinel
  3991 | D        | Noticed a titan
  3991 | D        | Noticed a daeva
  3992 | D        | Noticed an Executioner
  4004 | D        | Killed a titan
  4012 | D        | Killed a Hell Sentinel
  4013 | D        | Reached skill level 24 in Unarmed Combat
  4026 | D        | Killed a daeva
  4035 | D        | Received a gift from Trog
  4076 | D        | Noticed a rockslime
  4081 | D        | Killed a rockslime
  4134 | D        | Found the +13 sceptre of Asmodeus
  4134 | D        | Noticed Asmodeus
  4150 | D        | Killed Asmodeus
  4219 | D        | Noticed a royal mummy
  4225 | D        | Killed a royal mummy
  4243 | D        | Noticed a hellephant
  4322 | D        | Killed a hellephant
  4323 | D        | Reached skill level 25 in Unarmed Combat
  4404 | D        | Noticed a royal mummy
  4410 | D        | Killed a royal mummy
  4411 | D        | Reached skill level 15 in Armour
  4426 | D        | Noticed a Hell Sentinel
  4438 | D        | Noticed a Hell Sentinel
  4438 | D        | Killed a Hell Sentinel
  4444 | D        | Killed a Hell Sentinel
  4533 | D        | Noticed an iron dragon
  4539 | D        | Killed an iron dragon
  4567 | D        | Noticed Itiudih the pandemonium lord
  4577 | D        | Killed Itiudih the pandemonium lord
  4620 | D        | Noticed a hellephant
  4620 | D        | Noticed a red draconian scorcher
  4620 | D        | Noticed a Killer Klown
  4628 | D        | HP: 10/258 [hellephant/blast of flame (74)]
  4702 | D        | Killed a Killer Klown
  4703 | D        | Reached skill level 26 in Unarmed Combat
  4703 | D        | Reached XP level 16. HP: 164/180 MP: 11/11
  4754 | D        | Noticed an ancient lich
  4755 | D        | Noticed a Tzitzimitl
  4765 | D        | Killed an ancient lich
  4771 | D        | Killed a Tzitzimitl
  4777 | D        | Killed a hellephant
  4851 | D        | Noticed Ereshkigal
  4887 | D        | Noticed an Executioner
  4891 | D        | Received a gift from Trog
  4908 | D        | Killed Ereshkigal
  4910 | D        | Killed an Executioner
  4914 | D        | Noticed Hydd the pandemonium lord
  4925 | D        | Slain by Hydd the pandemonium lord

Illustrated notes

Levels and vault maps discovered:
D:        pitsprint [storerooms_1, entrance_room_1, metal_vault_4, armoury_1,
          mini_pit_1, grid_room_1, main_hall_1, silver_pit, the_coven_3,
          the_vestibule_1, steel_vault_5, golden_pit, hallway_of_sentries,
          crystal_vault_1, iron_vault_2, final_vault]

Skill      XL: |  1  2  3  4  5  6  7  8  9 10 11 12 13 14 15 16 |
---------------+-------------------------------------------------+-----
Fighting       | 3 5 6 7 9 10 11 13 15 17 18 20 22 23 | 23.3
Dodging        | 3 5 6 7 9 10 11 13 15 16 18 20 22 23 | 23.2
Unarmed Combat | 6 7 8 9 10 12 13 15 18 19 21 23 26 | 26.9
Armour         | 4 9 13 16 17 | 17.5

Action                     |  1- 3 |  4- 6 |  7- 9 | 10-12 | 13-15 | 16-18 || total
---------------------------+-------+-------+-------+-------+-------+-------++-------
  Melee: Unarmed           |    18 |    19 |    44 |   121 |   225 |    37 ||   464
         Punch             |       |     1 |     1 |    11 |    37 |     2 ||    52
 Invoke: Berserk           |       |     1 |     1 |     3 |    13 |     2 ||    20
         Brothers in Arms  |       |       |     1 |    12 |    19 |     3 ||    35
         Trog's Hand       |       |       |       |       |     1 |       ||     1
    Use: Potion            |       |       |       |     4 |     2 |     1 ||     7
         Scroll            |       |       |       |     1 |     1 |     3 ||     5
   Stab: Sleeping          |       |       |     1 |       |       |       ||     1
 Armour: Animal skin       |     9 |     5 |    27 |   120 |       |       ||   161
         Shadow dragon sca |       |       |       |    10 |    80 |       ||    90
         Gold dragon scale |       |       |       |       |    83 |    26 ||   109
  Dodge: Dodged            |     7 |     3 |    17 |    76 |    52 |     6 ||   161
  Block: Other             |       |       |       |       |    21 |     4 ||    25
         Reflection        |       |       |       |       |     2 |     1 ||     3

Table legend: (Time is in decaauts)
 A = Elapsed time spent in this place.
 B = Non-inter-level travel time spent in this place.
 C = Inter-level travel time spent in this place.
 D = Time resting spent in this place.
 E = Time spent auto-exploring this place.
 F = Levels seen in this place.
 G = Mean time per level.
                   A        B        C        D        E       F      G
               +--------+--------+--------+--------+--------+-----+--------+
         Total |   5026 |   4743 |    283 |   2172 |    223 |   1 | 5026.0 |
       Dungeon |   5026 |   4743 |    283 |   2172 |    223 |   1 | 5026.0 |
               +--------+--------+--------+--------+--------+-----+--------+

Top non-repeatable levels by time:
       D: 5026 daAuts
